 Dungeon Crawl Stone Soup version 0.22-a0-247-gbddf880 (webtiles) character file.

23 Amnesiac the Charlatan (level 2, 0/16 HPs)
             Began as a Deep Elf Artificer on Feb 25, 2018.
             Succumbed to an adder's poison
             ... on level 2 of the Dungeon.
             The game lasted 00:00:58 (421 turns).

Amnesiac the Charlatan (Deep Elf Artificer)          Turns: 421, Time: 00:00:59

Health: 0/16       AC:  3    Str:  9    XL:     2   Next: 75%
Magic:  7/7        EV: 12    Int: 15    God:
Gold:   10         SH:  0    Dex: 15    Spells: 1/1 levels left

rFire    . . .     SeeInvis .   a - +0 short sword
rCold    . . .     Gourm    .   (no shield)
rNeg     . . .     Faith    .   b - +0 leather armour
rPois    .         Spirit   .   (no helmet)
rElec    .         Reflect  .   (no cloak)
rCorr    .         Harm     .   (no gloves)
MR       .....                  (no boots)
Stlth    ++........             (no amulet)
HPRegen  0.05/turn              (no ring)
MPRegen  0.10/turn              (no ring)

@: lethally poisoned (0 -> -5)
A: no striking features
a: no special abilities


You were on level 2 of the Dungeon.
You were not hungry.

You visited 1 branch of the dungeon, and saw 2 of its levels.

You collected 10 gold pieces.

Inventory:

Hand Weapons
 a - a +0 short sword (weapon)
Armour
 b - a +0 leather armour (worn)
Jewellery
 g - an uncursed ring of protection from cold {unknown}
Wands
 c - a wand of flame (13)
 d - a wand of enslavement (15)
 e - a wand of random effects (15)
Comestibles
 f - a ration


   Skills:
 - Level 0.7 Fighting
 - Level 1.0 Short Blades
 - Level 2.4 Dodging
 - Level 1.2 Stealth
 + Level 4.5 Evocations


You had one spell level left.
You didn't know any spells.

Dungeon Overview and Level Annotations

Branches:
Dungeon (2/15)

Altars:


Message History

The slug dart misses you.
You hit the dart slug.
The dart slug is lightly wounded.
The goblin shouts!
The frilled lizard hisses angrily.
You hear an angry hiss.
The dart slug closely misses you.
An adder comes into view.
You swing at nothing.
You hit the goblin.
The goblin is heavily wounded.
The goblin hits you but does no damage.
You hit the goblin.
You kill the goblin!
You hit the dart slug.
The dart slug is moderately wounded.
You hit the dart slug but do no damage.
The dart slug is moderately wounded.
The dart slug launches a dart at you. The slug dart hits you!
You hit the dart slug.
The dart slug is severely wounded.
The dart slug bites you but does no damage.
You completely miss the dart slug.
The dart slug is severely wounded.
You hit the dart slug.
You kill the dart slug!
You closely miss the adder. The adder barely misses you. The adder misses you.
Evoke which item? (* to show all) (? for menu, Esc to quit)
Aiming: Throw Flame
Press: ? - help, Shift-Dir - straight line, f - frilled lizard
Aim: a frilled lizard The puff of flame hits the adder.
The adder is severely wounded.
The adder barely misses you.
You hit the adder.
The adder is almost dead.
The adder bites you.
You are poisoned.
The adder poisons you!
You barely miss the adder.
The adder is almost dead.
You feel sick. The adder barely misses you. The adder bites you.
* * * LOW HITPOINT WARNING * * *
You closely miss the adder.
The adder is almost dead.
The adder closely misses you.
You completely miss the adder.
The adder is almost dead.
The adder barely misses you.
You closely miss the adder.
The adder is almost dead.
You feel sick. The adder closely misses you. The adder bites you.
* * * LOW HITPOINT WARNING * * *
You hit the adder but do no damage.
The adder is almost dead.
The adder bites you.
* * * LOW HITPOINT WARNING * * *
You aren't carrying any potions.
You aren't carrying any scrolls.
Unknown command.
You hit the adder.
You kill the adder!
You barely miss the frilled lizard. The frilled lizard closely misses you.
You miss the frilled lizard.
You die...

...##..8...8.. #
...#.......... #.
#..#.....8....
#.##..#..>.....<.
#.....#.....8....
##...<.#....S.....
#......##..8.?.8..
#....#..##.......#
#.....@##.......##
........l...#.##.#
.##.###.###.##.#
#. #. #.# . # ..
#.# ## ... #.# ...
#.. #.<. ###


You could see a frilled lizard.

Vanquished Creatures
  2 adders (D:2)
  A dart slug (D:2)
  2 goblins
5 creatures vanquished.

Notes
Turn   | Place    | Note
-------+----------+-------------------------------------------
     0 | D:1      | Amnesiac the Deep Elf Artificer began the quest for the Orb.
     0 | D:1      | Reached XP level 1. HP: 11/11 MP: 5/5
   224 | D:2      | Reached skill level 4 in Evocations
   224 | D:2      | Reached XP level 2. HP: 12/16 MP: 7/7
   421 | D:2      | Succumbed to an adder's poison

Vault maps used:
D:1:      dpeg_arrival_ratfight, minmay_tree_intersection, st_stairs_4
D:2:      kennysheep_the_goblin_king, grunt_temple_overflow_gold_and_silver,
          nrook_mini_backslash, grunt_ministairs_10, guppyfry_early_lair_pool

Skill      XL: |  1 |
---------------+----+-----
Evocations     | 4 |  4.5
Fighting       | |  0.7
Short Blades   | |  1.0
Dodging        | |  2.4
Stealth        | |  1.2

Action                   || total
-------------------------++-------
Melee: Short sword       ||    32
Evoke: Wand              ||     2
 Stab: Sleeping          ||     1
Armor: Leather armour    ||     3
Dodge: Dodged            ||    19

Table legend:
 A = Spawn XP
 B = Non-spawn XP
 C = Spawn XP percentage of total XP
 D = Spawn monster count
 E = Non-spawn monster count
 F = Spawn count percentage of total count
 G = Total turns spent on level
                    A         B        C        D         E        F      G
               +---------+---------+-------+---------+---------+-------+---------
         Total |       0 |      34 |   0.0 |       0 |       5 |   0.0 |   421
               +---------+---------+-------+---------+---------+-------+---------
           D:1 |       0 |       2 |   0.0 |       0 |       1 |   0.0 |   221
           D:2 |       0 |      32 |   0.0 |       0 |       4 |   0.0 |   200
               +---------+---------+-------+---------+---------+-------+---------
